 Dungeon Crawl Stone Soup version 0.32-a0-672-gff75c0dad8 (webtiles) character file.

Game seed: 14219112080105570512

418 GeoRichter the Slasher (level 6, 0/46 HPs)
             Began as a Merfolk Shapeshifter on Mar 10, 2024.
             Was an Initiate of Beogh.
             Slain by a sleepcap (10 damage)
             ... on level 5 of the Dungeon.
             The game lasted 00:06:55 (3134 turns).

GeoRichter the Slasher (Merfolk Shapeshifter)       Turns: 3134, Time: 00:06:56

Health: 0/46       AC:  9    Str: 14    XL:     6   Next: 93%
Magic:  6/6        EV:  2    Int:  9    God:    Beogh [......]
Gold:   217        SH:  0    Dex: 22    Spells: 5/5 levels left

rFire   . . .        g - +1 dagger
rCold   . . .        (no shield)
rNeg    . . .        f - +0 ring mail
rPois   .            (helmet currently unavailable)
rElec   .            (cloak currently unavailable)
rCorr   .            (gloves currently unavailable)
SInv    .            (boots currently unavailable)
Will    .....        (no amulet)
Stlth   +            i - +6 ring of dexterity
HPRegen 0.27/turn    o - +4 ring of protection
MPRegen 0.10/turn

%: no passive effects
@: beast-form, sleeping
A: beast (slay +2), (nimble swimmer 2), mertail
a: Begin Untransformation, Renounce Religion


You were on level 5 of the Dungeon.
You worshipped Beogh.
Beogh was noncommittal.
You were a hulking beast.
You visited 1 branch of the dungeon, and saw 5 of its levels.

You collected 217 gold pieces.

Inventory:

Hand Weapons
 g - a +1 dagger (weapon)
   (You took it off a goblin on level 1 of the Dungeon)
Missiles
 w - 6 curare-tipped darts (quivered) {!f}
Armour
 f - a +0 ring mail (worn)
   (You found it on level 1 of the Dungeon)
Jewellery
 i - a +6 ring of dexterity (left hand)
   (You found it on level 1 of the Dungeon)
 o - a +4 ring of protection (right hand)
   (You found it on level 2 of the Dungeon)
 u - a ring of ice
   (You found it on level 3 of the Dungeon)
 y - an amulet of faith {!P}
   (You found it on level 3 of the Dungeon)
Talismans
 c - a beast talisman (active)
 d - a flux talisman
Wands
 t - a wand of digging (7)
   (You found it on level 2 of the Dungeon)
Scrolls
 a - 3 scrolls of teleportation {@r4}
 e - a scroll of noise {!r}
 j - a scroll of poison {!r}
 n - a scroll of enchant weapon
 x - a scroll of fog
 A - a scroll of vulnerability {!r}
Potions
 b - a potion of haste {unknown}
 h - a potion of attraction {unknown}
 k - a potion of degeneration {unknown}
 m - a potion of resistance {unknown}
 p - a potion of curing {unknown}
 q - a potion of ambrosia {unknown}
 r - 2 potions of enlightenment
 s - a potion of mutation {!q}
 z - a potion of brilliance {unknown}


   Skills:
 + Level 2.6 Fighting
 * Level 7.6 Long Blades
 + Level 2.8 Dodging
 - Level 3.2 Unarmed Combat
 - Level 4.0 Shapeshifting


You had 5 spell levels left.
You didn't know any spells.
Your spell library contained the following spells:

 Spells                   Type           Power      Damage    Failure   Level
 Blink                    Tloc           0%         N/A       77%         2
 Lesser Beckoning         Tloc           0%         N/A       77%         2
 Momentum Strike          Conj/Tloc      0%         3d8       77%         2
 Gell's Gravitas          Tloc           0%         N/A       94%         3
 Teleport Other           Tloc           0%         N/A       94%         3


Dungeon Overview and Level Annotations

Branches:
Dungeon (5/15) Zot: 26786
 Temple: D:4-7

Altars:
Ru
The Shining One

Annotations:
D:3 Grinder, Sigmund
D:4 1 runed translucent door, hattey's ghost, amateur HuWn


Innate Abilities, Weirdness & Mutations

You are a hulking beast.
Your limbs bulge with bestial killing power. (Slay +2)
((You are very nimble when in or above water. (Stealth+, EV+, Speed+++)))
Your lower body shifts to a powerful aquatic tail in water.


Message History

The sleepcap closely misses you.
You hit the sleepcap.
The sleepcap is heavily damaged.
You completely miss the sleepcap.
The sleepcap is heavily damaged.
The sleepcap releases spores at you.
You are engulfed in a cloud of soporific spores!
You fall asleep.
The sleepcap releases spores at you but does no damage.
The sleepcap releases spores at you.
You wake up.
* * * LOW HITPOINT WARNING * * *
You are engulfed in a cloud of soporific spores!
You are unaffected.
You hit the sleepcap.
The sleepcap is heavily damaged.
The sleepcap barely misses you.
You hit the sleepcap.
The sleepcap is severely damaged.
The sleepcap misses you.
You hit the sleepcap but do no damage.
The sleepcap is severely damaged.
You hit the sleepcap.
The sleepcap is severely damaged.
The sleepcap releases spores at you.
* * * LOW HITPOINT WARNING * * *
You are engulfed in a cloud of soporific spores!
You are unaffected.
You hit the sleepcap but do no damage.
The sleepcap is severely damaged.
The sleepcap barely misses you.
You hit the sleepcap.
The sleepcap is severely damaged.
The sleepcap releases spores at you.
* * * LOW HITPOINT WARNING * * *
You are engulfed in a cloud of soporific spores!
You are unaffected.
You hit the sleepcap.
The sleepcap is almost destroyed.
The sleepcap barely misses you.
You hit the sleepcap but do no damage.
The sleepcap is almost destroyed.
You hit the sleepcap.
The sleepcap is almost destroyed.
The sleepcap releases spores at you.
* * * LOW HITPOINT WARNING * * *
You are engulfed in a cloud of soporific spores!
You fall asleep.
The sleepcap releases spores at you but does no damage.
The sleepcap releases spores at you!
You die...

..........#..#.##.#...
#######.#.#..........#
#.#............###
#.##.#.#.##......#
#...###..........#
####.#.#.###....## #
##.##.# .....## ##
#.##.###....... .#
#.....hfB# .########
####.###.# _........
...# .# #######.#
##### .# .# .# B# ##


You could see a sleepcap and a bombardier beetle.

Vanquished Creatures
  A phantom (D:5)
  A scorpion (D:4)
  A hound (D:4)
  2 bombardier beetles (D:4)
  An orc priest (D:4)
  A jelly (D:5)
  4 adders
  3 gnolls (D:4)
  An adder skeleton (D:2)
  3 dart slugs
  A ribbon worm (D:3)
  5 orcs
  5 ball pythons
  A bat zombie (D:2)
  5 endoplasms
  3 giant cockroaches (D:1)
  3 goblins
  3 hobgoblins
  5 bats
  5 frilled lizards
  4 kobolds
  5 rats
63 creatures vanquished.

Vanquished Creatures (others)
  An orc (D:4)
1 creature vanquished.

Grand Total: 64 creatures vanquished

Notes
Turn   | Place    | Note
-------+----------+-------------------------------------------
     0 | D:1      | GeoRichter the Merfolk Shapeshifter began the quest for the
                  | Orb.
     0 | D:1      | Reached XP level 1. HP: 15/15 MP: 1/1
   241 | D:1      | Reached XP level 2. HP: 20/22 MP: 2/2
   364 | D:1      | Found a faded altar of an unknown god.
   605 | D:2      | Reached skill level 1 in Long Blades
   695 | D:2      | Found a glowing golden altar of the Shining One.
   747 | D:2      | Reached skill level 2 in Long Blades
   747 | D:2      | Reached XP level 3. HP: 24/28 MP: 3/3
  1084 | D:2      | Reached skill level 3 in Long Blades
  1084 | D:2      | Reached XP level 4. HP: 34/34 MP: 4/4
  1329 | D:3      | Noticed Grinder
  1828 | D:4      | Noticed a scorpion
  1842 | D:4      | Killed a scorpion
  1843 | D:4      | Reached skill level 4 in Long Blades
  1843 | D:4      | Reached XP level 5. HP: 23/39 MP: 5/5
  1922 | D:4      | Reached skill level 5 in Long Blades
  1965 | D:4      | Became a worshipper of Beogh the Shepherd
  2096 | D:4      | Reached skill level 6 in Long Blades
  2096 | D:4      | Reached XP level 6. HP: 41/46 MP: 6/6
  2485 | D:3      | Noticed Sigmund
  2532 | D:4      | Found a runed translucent door.
  2885 | D:4      | Noticed hattey's ghost (amateur HuWn)
  2913 | D:5      | Entered Level 5 of the Dungeon
  2938 | D:5      | Found a sacrificial altar of Ru.
  3026 | D:5      | Reached skill level 7 in Long Blades
  3134 | D:5      | Slain by a sleepcap

Illustrated notes

Levels and vault maps discovered:
D:1:      erik_arrival_blinker_ship, layout_rooms,
          chequers_ecumenical_altar_simple, corexii_item_surrounded_by_moat
D:2:      layout_loops_ring, basic_altar, serial_undead, serial_undead_a,
          serial_undead_b, serial_undead_a, serial_undead_e,
          kennysheep_generic_room_14
D:3:      layout_basic, slow_altar_1, minmay_fountain_box, uniq_sigmund,
          uniq_grinder
D:4:      layout_cave_pools, ebering_ghost_sewer_d
D:5:      layout_loops_ring, overflow_temple_1_default,
          mainiacjoe_overflow_surrounded_room, hangedman_decor_growths,
          minivault_11, uniq_pikel, uniq_menkaure, uniq_prince_ribbit1

Skill      XL: |  1  2  3  4  5  6 |
---------------+-------------------+-----
Fighting       | 2 |  2.6
Long Blades    | 2 3 4 6 7 |  7.6
Dodging        | |  2.8
Unarmed Combat | |  3.2
Shapeshifting  | |  4.0

Action                     |  1- 3 |  4- 6 || total
---------------------------+-------+-------++-------
  Melee: Dagger            |   112 |   181 ||   293
         Unarmed           |     9 |       ||     9
 Invoke: Convert to Beogh  |       |     1 ||     1
    Use: Potion            |       |     4 ||     4
         Scroll            |       |     7 ||     7
 Armour: Ring mail         |    75 |    64 ||   139
         Skin              |       |     5 ||     5
  Dodge: Dodged            |    70 |    69 ||   139

Table legend: (Time is in decaauts)
 A = Elapsed time spent in this place.
 B = Non-inter-level travel time spent in this place.
 C = Inter-level travel time spent in this place.
 D = Time resting spent in this place.
 E = Time spent auto-exploring this place.
 F = Levels seen in this place.
 G = Mean time per level.
                   A        B        C        D        E       F      G
               +--------+--------+--------+--------+--------+-----+--------+
         Total |   3099 |   2952 |    147 |    274 |   1903 |   5 |  619.8 |
       Dungeon |   3099 |   2952 |    147 |    274 |   1903 |   5 |  619.8 |
               +--------+--------+--------+--------+--------+-----+--------+

Top non-repeatable levels by time:
     D:4: 1075 daAuts
     D:2: 712 daAuts
     D:1: 555 daAuts
     D:3: 546 daAuts
     D:5: 209 daAuts
